 Dungeon Crawl Stone Soup version 0.20-a0-493-g19c8d8d (webtiles) character file.

140 Klosterheim the Chopper (level 5, 0/46 HPs)
             Began as a Draconian Fighter on Jan 16, 2017.
             Slain by an orc (1 damage)
             ... on level 3 of the Dungeon.
             The game lasted 00:03:42 (2381 turns).

Klosterheim the Chopper (Draconian Fighter)         Turns: 2381, Time: 00:03:43

Health: 0/46       AC:  5    Str: 19    XL:     5   Next: 2%
Magic:  5/5        EV: 12    Int:  9    God:
Gold:   110        SH:  0    Dex: 10    Spells: 4/4 levels left

rFire    . . .     SeeInvis .   a - +0 war axe
rCold    . . .     Gourm    .   (armour unavailable)
rNeg     . . .     Faith    .   (no shield)
rPois    .         Spirit   .   (helmet restricted)
rElec    .         Reflect  .   (no cloak)
rCorr    .         Harm     .   (no gloves)
MR       .....                  (no boots)
Stlth    +.........             (no amulet)
Regen    0.2/turn               (no ring)
                                (no ring)

@: no status effects
A: unfitting armour, cold-blooded, AC +5
a: no special abilities


You were on level 3 of the Dungeon.
You were not hungry.

You visited 1 branch of the dungeon, and saw 3 of its levels.

You collected 110 gold pieces.

Inventory:

Hand Weapons
 a - a +0 war axe (weapon)
Scrolls
 e - 3 scrolls of random uselessness {unknown}
 h - a scroll of enchant armour {unknown}
 i - 2 scrolls of remove curse {unknown}
 k - a scroll of blinking {unknown}
Potions
 b - a potion of cancellation {unknown}
 f - a potion of lignification {unknown}
 j - a potion of haste {unknown}
 l - a potion of agility {unknown}
 n - a potion of curing {unknown}
Comestibles
 c - 2 chunks of flesh
 d - 4 bread rations
 g - a meat ration


   Skills:
 + Level 4.1 Fighting
 * Level 4.4 Axes
 - Level 2.9 Dodging
   Level 3.1 Shields


You had 4 spell levels left.
You didn't know any spells.

Dungeon Overview and Level Annotations

Branches:
Dungeon (3/15)

Altars:
Nemelex Xobeh


Innate Abilities, Weirdness & Mutations

Your plain brown scales are hard. (AC +5)
You cannot fit into any form of body armour.
You are cold-blooded and may be slowed by cold attacks.


Message History

The orc hits you with a whip. x2
The orc priest calls down the wrath of Beogh upon you.
Beogh smites you!
* * * LOW HITPOINT WARNING * * *
You hit the orc but do no damage.
The orc is almost dead.
You hit the orc.
You kill the orc!
You hit the orc priest.
The orc priest is moderately wounded.
The orc priest mumbles some strange prayers to Beogh against you.
Beogh smites you!
* * * LOW HITPOINT WARNING * * *
You closely miss the orc priest.
The orc priest is moderately wounded.
You closely miss the orc. You hit the orc priest.
The orc priest is moderately wounded.
You hit the orc but do no damage. The orc hits you.
You die...

#.#....###...#
.......[.....#
#.#....###...#
.....#######.#
#.#..........#
....#####..#####+#
#.#. #.## #..#
....
#.#####.o#######
#.......@.oo....
######..o#######
#....# #.......
####..### #..#
####


You could see an orc priest and 3 orcs.

Vanquished Creatures
  Crazy Yiuf (D:2)
  4 adders (D:2)
  3 oozes
  A worm (D:2)
  A dart slug (D:1)
  3 leopard geckos
  An orc (D:3)
  A bat (D:1)
  5 giant cockroaches
  8 goblins
  3 hobgoblins
  6 jackals (D:2)
  3 kobolds (D:1)
  2 quokkas (D:2)
  A ball python (D:2)
  2 frilled lizards
  7 rats
52 creatures vanquished.

Notes
Turn   | Place    | Note
-------+----------+-------------------------------------------
     0 | D:1      | Klosterheim the Draconian Fighter began the quest for the Orb.
     0 | D:1      | Reached XP level 1. HP: 19/19 MP: 1/1
   538 | D:1      | Reached XP level 2. HP: 26/26 MP: 2/2
   962 | D:2      | Reached XP level 3. HP: 31/31 MP: 3/3
  1361 | D:2      | Found a sparkling altar of Nemelex Xobeh.
  1549 | D:2      | Reached XP level 4. HP: 31/40 MP: 4/4
  2061 | D:2      | Found a runed door.
  2065 | D:2      | Noticed Crazy Yiuf
  2069 | D:2      | Killed Crazy Yiuf
  2309 | D:3      | Reached XP level 5. HP: 45/46 MP: 5/5
  2379 | D:3      | HP: 1/46 [orc priest/divine providence (13)]
  2381 | D:3      | Slain by an orc

Vault maps used:
D:1:      arrival_zaba_pyramid
D:2:      lemuel_crystal_altar, uniq_crazy_yiuf_cottage
D:3:      lemuel_doored_altar, chequers_ecumenical_altar_simple, serial_glass,
          glass_columns_c, glass_columns_a, glass_columns_c, glass_columns_a,
          item_on_display_a, feat_on_display, kennysheep_orc_chapel

Skill      XL: |  1  2  3  4 |
---------------+-------------+-----
Axes           | 3 4 |  4.4
Fighting       | 4 |  4.1
Dodging        | |  2.9
Shields        | |  3.1

Action                   |  1- 3 |  4- 6 || total
-------------------------+-------+-------++-------
Melee: War axe           |    95 |    62 ||   157
       Tailslap          |     9 |     8 ||    17
  Use: Potion            |       |     1 ||     1
  Eat: Chunk             |     2 |     3 ||     5
Armor: Skin              |    27 |    16 ||    43
Dodge: Dodged            |    57 |    37 ||    94
Block: Shield            |    18 |       ||    18
